Map: Submarine LE

Players

Koba - Winner!

  • Race: Zerg Zerg
  • League: Diamond
  • Spawn Location: 5:00

RyuKey

  • Race: Terran Terran
  • League: Diamond
  • Spawn Location: 11:00

VOD

Have the link to the VOD?

Description

Time

  • Played on: June 21, 2020, 7:50 p.m.
  • Length: 9:30
Show
View Real Time Build Order
Export as new Build Order

Koba Zerg - Winner!

Build Orders: Hatch First 

Get SALT Encoding   

  12  0:01  Drone  
  13  0:12  Overlord  
  13  0:17  Drone  
  14  0:31  Drone x2  
  14  0:35  Drone  
  17  0:53  Hatchery  
  17  0:54  Drone  
  17  0:57  Drone  
  18  1:08  Extractor  
  17  1:13  Spawning Pool  
  17  1:15  Drone  
  17  1:17  Drone  
  18  1:29  Drone  
  19  1:47  Overlord  
  19  1:59  Queen  
  19  2:00  Zergling x2  
  22  2:05  Zergling x2  
  22  2:07  Drone  
  22  2:08  Queen  
  24  2:15  Drone  
  27  2:19  Metabolic Boost  
  27  2:26  Drone x2  
  29  2:33  Extractor  
  28  2:41  Drone  
  28  2:42  Overlord, Drone  
  28  2:43  Queen, Drone  
  33  2:58  Hatchery  
  33  2:59  Drone x2  
  33  3:05  Drone x2  
  35  3:09  Drone  
  36  3:17  Drone x4  
  40  3:25  Drone  
  40  3:35  Drone x2  
  42  3:42  Extractor  
  41  3:49  Drone x2  
  41  3:50  Overlord  
  41  3:51  Lair  
  43  3:57  Roach Warren  
  42  4:05  Zergling x4  
  42  4:08  Overlord  
  44  4:10  Queen  
  44  4:13  Extractor  
  45  4:22  Queen  
  45  4:23  Drone x2  
  49  4:28  Spore Crawler  
  48  4:42  Drone  
  48  4:43  Drone x5  
  54  4:49  Roach x4  
  62  4:57  Spire, Drone x3  
  62  4:59  Extractor  
  61  5:16  Drone x4  
  61  5:17  Drone  
  66  5:23  Overlord x2  
  66  5:24  Overlord  
  66  5:28  Glial Reconstitution  
  66  5:33  Overlord x2  
  66  5:37  Extractor  
  65  6:00  Drone x3  
  68  6:07  Extractor  
  68  6:08  Mutalisk x5  
  77  6:13  Mutalisk  
  79  6:24  Drone x9  
  88  6:27  Zerg Flyer Weapons Level 1  
  88  6:29  Roach x4  
  88  6:31  Drone x4  
  100  6:38  Evolution Chamber  
  100  6:39  Hatchery  
  98  6:48  Roach  
  98  6:49  Roach x3  
  106  6:57  Overlord x2  
  106  6:58  Overlord  
  106  7:15  Hatchery  
  105  7:23  Roach  
  105  7:24  Roach x9  
  125  7:33  Zerg Missile Weapons Level 1  
  125  7:35  Roach  
  125  7:36  Roach  
  129  7:37  Overlord  
  129  7:38  Overlord x2  
  129  7:51  Roach x3  
  131  7:53  Overlord x3  
  135  8:00  Baneling Nest  
  93  8:42  Roach  
  93  8:43  Roach x17  
  128  8:48  Drone  
  128  8:49  Drone x2  
  128  8:50  Drone  
  133  9:15  Ravager  
  133  9:16  Ravager x5  
  139  9:21  Ravager  
Show
View Real Time Build Order
Export as new Build Order

RyuKey Terran 

Build Orders: Reaper Expand 

Get SALT Encoding   

  12  0:00  SCV  
  13  0:13  SCV  
  14  0:17  Supply Depot  
  14  0:25  SCV  
  15  0:38  SCV  
  15  0:40  Barracks  
  16  0:45  Refinery  
  16  0:50  SCV  
  17  1:02  SCV  
  18  1:14  SCV  
  19  1:26  Orbital Command  
  19  1:29  Reaper  
  20  1:42  Command Center  
  20  1:50  Supply Depot  
  20  1:54  SCV  
  21  2:06  SCV  
  22  2:08  Factory  
  22  2:16  Refinery  
  22  2:18  SCV  
  23  2:25  Barracks Reactor  
  23  2:30  SCV  
  24  2:42  SCV  
  25  2:54  SCV  
  26  2:58  Orbital Command  
  25  3:06  SCV  
  26  3:19  SCV  
  27  3:21  Hellion  
  27  3:22  Hellion  
  29  3:35  SCV  
  29  3:40  SCV  
  31  3:43  Hellion x2  
  35  3:57  Command Center  
  35  4:00  SCV  
  35  4:02  Barracks Tech Lab  
  36  4:04  Hellion x2  
  36  4:06  SCV  
  41  4:12  SCV  
  42  4:17  Supply Depot  
  42  4:18  SCV  
  43  4:24  Stimpack  
  43  4:25  SCV  
  43  4:26  Hellion  
  46  4:39  Marine, SCV x2  
  46  4:42  Supply Depot  
  46  4:43  Supply Depot  
  51  4:51  SCV  
  50  4:53  SCV  
  50  4:54  Barracks  
  50  4:56  Marine, Factory Tech Lab  
  50  4:57  Starport  
  52  5:03  SCV  
  53  5:10  SCV, Orbital Command  
  54  5:15  SCV, Engineering Bay  
  54  5:16  Engineering Bay  
  55  5:22  SCV  
  55  5:23  Marauder, Siege Tank  
  55  5:28  SCV  
  62  5:34  SCV  
  62  5:35  Starport Reactor  
  63  5:39  Refinery  
  63  5:40  SCV x2  
  63  5:41  Marine  
  64  5:44  Marine x2, Bunker  
  64  5:46  SCV  
  67  5:52  SCV  
  67  5:55  SCV  
  69  5:57  Refinery  
  69  6:02  SCV  
  69  6:03  Siege Tank  
  73  6:05  Terran Infantry Weapons Level 1  
  73  6:06  Terran Infantry Armor Level 1  
  73  6:09  Orbital Command  
  73  6:16  Marine x3  
  76  6:20  SCV x2  
  76  6:24  Medivac  
  80  6:29  Supply Depot  
  80  6:31  Combat Shield  
  80  6:32  Supply Depot  
  80  6:33  SCV  
  80  6:34  Marine  
  80  6:35  Siege Tank  
  85  6:45  Missile Turret  
  85  6:46  Missile Turret  
  85  6:51  SCV x2  
  85  6:55  SCV  
  85  7:00  Medivac  
  87  7:02  Armory  
  87  7:03  SCV  
  88  7:21  Marine x3  
  83  7:29  Orbital Command  
  80  7:34  Barracks, SCV  
  80  7:35  Barracks  
  80  7:36  Barracks  
  81  7:37  Barracks  
  81  7:41  Marine x3  
  84  7:53  SCV x2  
  58  8:34  Marine x3  
  58  8:35  Siege Tank  
  58  8:36  Barracks Reactor  
  58  8:37  Barracks Reactor x3  
  47  8:48  SCV  
  47  8:51  Medivac x2  
  47  8:52  Marine x3  
  47  8:59  Orbital Command  
  47  9:01  SCV  
  49  9:10  Marine x3  
Tags
 
Add a new tag
Caveats
  • Supply blocks, unpowered buildings, or Contaminate may cause inaccurate times.
  • Supply counts are checked every 10 seconds.